 Dungeon Crawl Stone Soup version 0.28-a0-1117-g0bdd5ba030 (console) character file.

Game seed: 6560724921405018449

91 petzl the Vexing (level 4, -20/29 HPs)
             Began as an Octopode Arcane Marksman on Dec 11, 2021.
             Killed from afar by Ijyb (35 damage)
             ... with a bolt of acid
             ... on level 3 of the Dungeon.
             The game lasted 00:06:06 (2545 turns).

petzl the Vexing (Octopode Arcane Marksman)         Turns: 2545, Time: 00:06:07

Health: -20/29     AC:  1    Str:  9    XL:     4   Next: 57%
Magic:  6/6        EV: 13    Int: 17    God:
Gold:   80         SH:  0    Dex: 12    Spells: 2/6 levels left

rFire   . . .      SeeInvis .   a - +0 mace (protect)
rCold   . . .      Faith    .   (no shield)
rNeg    . . .      Spirit   .   (helmet restricted)
rPois   .          Reflect  .   (no amulet)
rElec   .          Harm     .   (no ring)
rCorr   .          Rampage  .   (no ring)
Will    .....                   (no ring)
Stlth   +++.......              (no ring)
HPRegen 0.09/turn               (no ring)
MPRegen 0.10/turn               (no ring)
                                (no ring)
                                (no ring)

@: no status effects
A: almost no armour, amphibious, 8 rings, camouflage 1, gelatinous body 1,
(nimble swimmer 1), tentacles
a: no special abilities


You were on level 3 of the Dungeon.
You visited 1 branch of the dungeon, and saw 3 of its levels.

You collected 80 gold pieces.

Inventory:

Hand Weapons
 a - a +0 mace of protection (weapon)
 b - a +0 hand crossbow
Missiles
 c - 8 bolts
Scrolls
 d - a scroll of brand weapon {unknown}
 f - a scroll of blinking {unknown}
 i - 2 scrolls of acquirement {unknown}
 j - a scroll of fear {unknown}
 k - 2 scrolls of vulnerability {unknown}
 n - a scroll of identify {unknown}
Potions
 e - 2 potions of haste {unknown}
 g - a potion of attraction {unknown}
 h - 2 potions of flight {unknown}
 l - 2 potions of lignification {unknown}
 m - a potion of resistance {unknown}


   Skills:
 + Level 2.0 Fighting
 + Level 2.7 Crossbows
 + Level 2.6 Dodging
 + Level 2.2 Stealth
 + Level 1.8 Spellcasting
 - Level 3.0 Hexes


You had 2 spell levels left.
You knew the following spells:

 Your Spells              Type           Power      Damage    Failure   Level
a - Slow                  Hex            44%        N/A       6%          1
H - Swiftness             Air            1%         N/A       52%         3

Your spell library contained the following spells:

 Spells                   Type           Power      Damage    Failure   Level
 Passwall                 Tmut/Erth      0%         N/A       30%         2
 Dazzling Flash           Conj/Hex       12%        N/A       32%         3
 Inner Flame              Hex/Fire       6%         N/A       32%         3
 Portal Projectile        Hex/Tloc       12%        N/A       32%         3
 Cause Fear               Hex            5%         N/A       50%         4
 Iskenderun's Mystic Bla  Conj/Tloc      1%         2d3       89%         4
 Starburst                Conj/Fire      0%         6d3       100%        6


Dungeon Overview and Level Annotations

Branches:
Dungeon (3/15)

Altars:
Dithmenos

Shops:
D:3 (

Annotations:
D:3 1 runed translucent door, Crazy Yiuf, Ijyb, Terence


Innate Abilities, Weirdness & Mutations

You cannot wear most types of armour.
You are amphibious.
You can wear up to eight rings at the same time.
Your skin changes colour to match your surroundings (Stealth+).
Your rubbery body absorbs attacks. (AC +1, EV +1)
((You are camouflaged near water. (Stealth+)))
You have tentacles for arms and can constrict up to eight enemies at once.


Message History

You drop a +0 short sword.
Your +0 mace of protection hums with potential!
a - a +0 mace of protection (weapon)
Found a mace.
Found a runed translucent door.
You see here a +0 short sword.
You see here a +0 mace.
You see here a jackal corpse.
You see here a jackal corpse.
Found a stone staircase leading down.
k - 2 scrolls labelled LUNTOGR UMIEMA (gained 1)
A goblin comes into view. It is wielding a +0 dagger.
The goblin shouts!
The goblin unwields a +0 dagger.
The goblin wields a +0 hunting sling.
The goblin shoots a stone.
The stone hits you.
The goblin shoots a stone.
The stone hits you.
The goblin shoots a stone.
The stone closely misses you.
The goblin unwields a +0 hunting sling.
The goblin wields a +0 dagger.
The goblin barely misses you.
You hit the goblin.
Your weapon exudes an aura of protection.
You kill the goblin!
Items here: ( )) †.
Okay, then.
There is an open door here.
There is an open door here.
There is a stone staircase leading up here.
You see here a +0 robe.
A kobold comes into view.
It is wielding a +0 dagger and carrying a wand of flame (10).
There is a stone staircase leading up here.
A kobold is nearby!
The kobold shouts!
Ijyb shouts!
Ijyb screams, "I cut your head off!"
You miss the kobold. Your grab misses the kobold.
The kobold zaps a wand.
The puff of flame hits you!
The kobold zaps a wand.
The puff of flame misses you.
The kobold zaps a wand.
The puff of flame hits you!
Things that are here:
a +0 club; 2 stones Ijyb zaps a wand.
The bolt of acid misses you.
Ijyb zaps a wand.
The bolt of acid hits you!!
Ouch! That really hurt!
You die...

##### ....## ######### ....#
#.......#
...####################.......#
.....................'........ #
#.########...#########....)..#
#.#.#..........#################
#..<...@.......'................
#...#.#)..)....#.....###########
.......#.###.#K#'####...##
..#.#.........#.#.#.#.....## #
#..#.#####.............#
...#.####.g........∩...# .
....#...................# .
###.#####.g.......#)....##
.............##...###
##..........<.....<.##
#....................##
......................##
###g.......................##
.................(..........# .
...........)................#
.....................[.....#
#......≈≈≈≈≈≈≈≈≈.........##
#.....≈.......≈........##
#....≈.#####.≈.......##


You could see Ijyb and a kobold.

Vanquished Creatures
  2 adders (D:3)
  2 worms (D:2)
  4 endoplasms
  4 giant cockroaches
  7 goblins
  5 hobgoblins
  3 jackals (D:3)
  4 quokkas
  9 ball pythons
  4 bats (D:2)
  5 frilled lizards
  8 kobolds
  3 rats
60 creatures vanquished.

Vanquished Creatures (others)
  A plant (D:2)
1 creature vanquished.

Grand Total: 61 creatures vanquished

Notes
Turn   | Place    | Note
-------+----------+-------------------------------------------
     0 | D:1      | petzl the Octopode Arcane Marksman began the quest for the
                  | Orb.
     0 | D:1      | Reached XP level 1. HP: 13/13 MP: 2/2
   362 | D:1      | Reached XP level 2. HP: 18/18 MP: 3/3
   373 | D:1      | Reached skill level 1 in Stealth
   999 | D:2      | Reached XP level 3. HP: 23/23 MP: 5/5
  1408 | D:2      | Found a faded altar of an unknown god.
  1668 | D:2      | Reached XP level 4. HP: 29/29 MP: 6/6
  1768 | D:3      | Found Efuh's Weapon Emporium.
  1857 | D:3      | Found a shadowy altar of Dithmenos.
  1910 | D:3      | Noticed Ijyb
  1987 | D:3      | Learned a level 3 spell: Swiftness
  2040 | D:3      | HP: 1/29 [constriction (1)]
  2227 | D:3      | Noticed Terence
  2294 | D:3      | Found a runed translucent door.
  2295 | D:3      | Noticed Crazy Yiuf
  2545 | D:3      | Killed from afar by Ijyb

Illustrated notes

Levels and vault maps discovered:
D:1:      psy_arrival_whirlpool, layout_basic, minmay_tromino_i2
D:2:      layout_rooms, ebering_ecumenical_altar_abandoned, serial_bayou_pond_a,
          kennysheep_nondescript, roderic_roman_lattice, nrook_loot_triangle,
          st_stairs_13, hangedman_decor_points
D:3:      layout_basic, mainiacjoe_overflow_brackets, serial_shops,
          nicolae_shop_bloodbath_and_beyond, uniq_terence,
          uniq_crazy_yiuf_cottage, uniq_ijyb

Skill      XL: |  1  2  3  4 |
---------------+-------------+-----
Stealth        | 1 2 |  2.2
Fighting       | 2 |  2.0
Crossbows      | |  2.7
Dodging        | |  2.6
Spellcasting   | |  1.8
Hexes          | |  3.0

Action                   |  1- 3 |  4- 6 || total
-------------------------+-------+-------++-------
Melee: Short sword       |       |    24 ||    24
       Constrict         |       |     7 ||     7
       Mace              |       |     2 ||     2
       Tentacles         |       |     2 ||     2
 Fire: Hand crossbow     |    95 |    12 ||   107
 Cast: Slow              |       |     1 ||     1
  Use: Potion            |       |     2 ||     2
 Stab: Sleeping          |       |     1 ||     1
Armor: Skin              |     2 |     2 ||     4
Dodge: Dodged            |    10 |    25 ||    35

Table legend: (Time is in decaauts)
 A = Elapsed time spent in this place.
 B = Non-inter-level travel time spent in this place.
 C = Inter-level travel time spent in this place.
 D = Time resting spent in this place.
 E = Time spent auto-exploring this place.
 F = Levels seen in this place.
 G = Mean time per level.
                   A        B        C        D        E       F      G
               +--------+--------+--------+--------+--------+-----+--------+
         Total |   2584 |   2463 |    121 |    333 |   1670 |   3 |  861.3 |
       Dungeon |   2584 |   2463 |    121 |    333 |   1670 |   3 |  861.3 |
               +--------+--------+--------+--------+--------+-----+--------+

Top non-repeatable levels by time:
     D:1: 963 daAuts
     D:3: 821 daAuts
     D:2: 799 daAuts
